 Dungeon Crawl Stone Soup version 0.21.0-25-ge575cb9ce8 (webtiles) character file.

4792 MalkierKing the Cleaver (level 10, -3/88 HPs)
             Began as a Minotaur Fighter on Jan 22, 2018.
             Was a Believer of Makhleb.
             Slain by an orc warrior
             ... wielding a +0 hand axe
              (15 damage)
             ... on level 8 of the Dungeon.
             The game lasted 00:27:31 (6899 turns).

MalkierKing the Cleaver (Minotaur Fighter)          Turns: 6899, Time: 00:27:32

Health: -3/88      AC: 12    Str: 22    XL:     10   Next: 24%
Magic:  9/9        EV: 10    Int:  7    God:    Makhleb [**....]
Gold:   537        SH: 11    Dex: 10    Spells: 9/9 levels left

rFire    . . .     SeeInvis .   a - +0 war axe
rCold    x . .     Gourm    .   c - +0 shield
rNeg     + + .     Faith    .   b - +0 scale mail
rPois    .         Spirit   .   (helmet restricted)
rElec    .         Reflect  .   (no cloak)
rCorr    .         Harm     .   y - +2 pair of gloves of Happiness {+Blink rC- rN++ Int+2}
MR       +....                  g - +0 pair of boots
Stlth    ..........             (no amulet)
HPRegen  0.24/turn              (no ring)
MPRegen  0.11/turn              (no ring)

@: no status effects
A: retaliatory headbutt, horns 2, talons 1, magic resistance 1, weak 1
a: Minor Destruction, Renounce Religion, Evoke Blink


You were on level 8 of the Dungeon.
You worshipped Makhleb.
Makhleb was pleased with you.
You were hungry.

You visited 2 branches of the dungeon, and saw 10 of its levels.

You collected 537 gold pieces.

Inventory:

Hand Weapons
 a - a +0 war axe (weapon)
Missiles
 j - 8 tomahawks (quivered)
Armour
 b - a +0 scale mail (worn)
 c - a +0 shield (worn)
 g - a +0 pair of boots (worn)
 y - the +2 pair of gloves of Happiness (worn) {+Blink rC- rN++ Int+2}
   (You found it on level 5 of the Dungeon)

   It affects your intelligence (+2).
   It makes you vulnerable to cold.
   It greatly protects you from negative energy.
   It lets you blink.
Jewellery
 r - an uncursed ring of fire
Wands
 l - a wand of iceblast (9)
 w - a wand of enslavement (9)
 z - a wand of disintegration (10)
 D - a wand of polymorph (20)
Scrolls
 e - 4 scrolls of remove curse
 i - 3 scrolls of identify
 k - 2 scrolls of immolation
 m - 5 scrolls of teleportation
 n - 3 scrolls of enchant weapon
 o - 2 scrolls of blinking
 p - 2 scrolls of enchant armour {unknown}
 q - a scroll of fear {unknown}
 s - a scroll of magic mapping {unknown}
 v - 2 scrolls of fog {unknown}
 F - a scroll of amnesia {unknown}
Potions
 d - a potion of might
 h - a potion of resistance {unknown}
 u - a potion of flight
 A - a potion of brilliance {unknown}
 C - a potion of magic {unknown}
Books
 B - a book of Frost

   Spells                             Type                      Level
   a - Freeze                         Ice                          1
   b - Throw Frost                    Conjuration/Ice              2
   c - Ozocubu's Armour               Charms/Ice                   3
   d - Throw Icicle                   Conjuration/Ice              4
   e - Summon Ice Beast               Ice/Summoning                4
 E - a book of Misfortune

   Spells                             Type                      Level
   a - Confusing Touch                Hexes                        1
   b - Confuse                        Hexes                        3
   c - Gell's Gravitas                Translocation                3
   d - Petrify                        Transmutation/Earth          4
   e - Metabolic Englaciation         Hexes/Ice                    5
   f - Yara's Violent Unravelling     Hexes/Transmutation          5
Comestibles
 f - 18 rations
 t - 13 chunks of flesh


   Skills:
 + Level 8.2 Fighting
 + Level 11.6 Axes
 + Level 8.1 Armour
 + Level 4.1 Dodging
 + Level 8.7 Shields


You had 9 spell levels left.
You didn't know any spells.

Dungeon Overview and Level Annotations

Branches:
Dungeon (9/15)             Temple (1/1) D:4
   Lair: D:8-11         Orc: D:9-12

Altars:
Ashenzari
Cheibriados
Dithmenos
Elyvilon
Fedhas
Gozag
Kikubaaqudgha
Makhleb
Nemelex Xobeh
Okawaru
Qazlal
Ru
Sif Muna
Trog
Uskayaw
Vehumet
Wu Jian
Xom
Yredelemnul
Zin
The Shining One

Annotations:
D:4 NihilVerum's ghost, novice TrBe
D:9 Grum


Innate Abilities, Weirdness & Mutations

You reflexively headbutt those who attack you in melee.
You have a pair of horns on your head.
You have sharp toenails.
You are resistant to hostile enchantments. (MR+)
You are weak. (Str -2)


Message History

You kill the orc!
Makhleb accepts your kill.
You barely miss the bullfrog.
Your shield and scale mail prevent you from hitting the orc warrior.
The bullfrog hits you but does no damage.
The orc wizard mumbles some strange words.
The orc wizard seems to speed up.
The orc priest mumbles some strange prayers to Beogh against you.
Beogh smites you!
* * * LOW HITPOINT WARNING * * *
The orc wizard hits you with a dagger.
* * * LOW HITPOINT WARNING * * *
You block the bullfrog's attack.
You hit the orc wizard.
The orc wizard is heavily wounded.
You slash the orc wizard!
Your shield and scale mail prevent you from hitting the bullfrog.
You hit the orc warrior but do no damage.
The orc warrior hits you with a hand axe!
You die...

#.....### #.
.......######.#.######.
#K.....##.....#........
#....โ‰ˆ.##.##..#..##....
#...โ‰ˆ..# #...#.....###
#...โ‰ˆ..# #..###.#..#..
#....o.# #.........#.#
#....oF# #.....###.#.#
#...oo@# #.....##..#.#
#.....o# ......+......
#....$.# .....#......
######## #........_...
##+####.....# #......
#####.# #.รท #######


You could see an orc warrior, a big kobold, a bullfrog, an orc priest and 3 orc
wizards.

Vanquished Creatures
  Pikel (D:6)
  Joseph (D:9)
  A hippogriff (D:7)
  A human (D:7)
  A basilisk (D:7)
  4 hogs (D:7)
  An ice beast (D:6)
  3 orc warriors
  A slave (D:6)
  A black bear (D:9)
  4 phantoms
  2 sky beasts (D:7)
  A wolf (D:8)
  4 ogres
  A necrophage (D:5)
  A centaur (D:6)
  4 bullfrogs
  2 water moccasin zombies
  A scorpion (D:4)
  2 killer bees
  A howler monkey (D:9)
  2 crimson imps
  A bullfrog zombie (D:9)
  A jelly (D:7)
  A hound (D:7)
  5 orc priests
  7 orc wizards
  A centaur skeleton (D:6)
  An iguana (D:7)
  Natasha (thrice) (D:4)
  5 worker ants
  4 gnolls (D:4)
  5 adders
  A shadow imp (D:6)
  3 oozes
  An adder skeleton (D:7)
  2 worms
  3 dart slugs
  9 leopard geckos
  29 orcs
  A ball python (D:4)
  6 bats
  2 giant cockroaches
  9 goblins
  11 hobgoblins
  10 jackals
  4 quokkas
  5 frilled lizards
  7 kobolds
  A leopard gecko zombie (D:6)
  7 rats
  A fungus (D:4)
186 creatures vanquished.

Vanquished Creatures (others)
  A slave (D:6)
  A centaur (D:6)
2 creatures vanquished.

Grand Total: 188 creatures vanquished

Notes
Turn   | Place    | Note
-------+----------+-------------------------------------------
     0 | D:1      | MalkierKing the Minotaur Fighter began the quest for the Orb.
     0 | D:1      | Reached XP level 1. HP: 19/19 MP: 0/0
   136 | D:1      | Reached XP level 2. HP: 24/27 MP: 1/1
   365 | D:1      | Reached skill level 3 in Axes
   416 | D:1      | Reached XP level 3. HP: 33/33 MP: 2/2
  1223 | D:2      | Reached XP level 4. HP: 40/40 MP: 3/3
  1520 | D:3      | Noticed an ogre
  1996 | D:3      | Reached skill level 4 in Axes
  2206 | D:3      | Killed an ogre
  2206 | D:3      | Reached skill level 1 in Dodging
  2206 | D:3      | Reached XP level 5. HP: 45/47 MP: 4/4
  2482 | D:3      | Found a deep blue altar of Sif Muna.
  2624 | D:4      | Reached skill level 5 in Axes
  2655 | D:4      | Found a staircase to the Ecumenical Temple.
  2665 | Temple   | Entered the Ecumenical Temple
  2730 | Temple   | Became a worshipper of Makhleb the Destroyer
  2838 | D:4      | Noticed NihilVerum's ghost (novice TrBe)
  3185 | D:4      | Reached XP level 6. HP: 32/53 MP: 5/5
  3274 | D:4      | Reached skill level 5 in Shields
  3381 | D:4      | Reached skill level 5 in Fighting
  3381 | D:4      | Reached skill level 6 in Axes
  3381 | D:4      | Reached skill level 5 in Armour
  3386 | D:4      | Noticed Natasha
  3400 | D:4      | Killed Natasha
  3404 | D:4      | Noticed Natasha
  3408 | D:4      | Killed Natasha
  3408 | D:4      | Reached XP level 7. HP: 45/61 MP: 6/6
  3540 | D:4      | Noticed Natasha
  3547 | D:4      | Killed Natasha
  3948 | D:5      | Entered Level 5 of the Dungeon
  3959 | D:5      | Reached skill level 7 in Axes
  4065 | D:5      | Got a pair of twisted gloves
  4071 | D:5      | Identified the +2 pair of gloves of Happiness {+Blink rC- rN++ Int+2} (You found it on level 5 of the Dungeon)
  4484 | D:6      | Reached * piety under Makhleb
  4489 | D:6      | Reached XP level 8. HP: 63/70 MP: 7/7
  4541 | D:6      | Reached skill level 8 in Axes
  4729 | D:6      | Noticed Pikel
  4750 | D:6      | Killed Pikel
  4750 | D:6      | Reached skill level 9 in Axes
  4830 | D:6      | Reached XP level 9. HP: 28/78 MP: 8/8
  4865 | D:6      | Found a basalt altar of Yredelemnul.
  4929 | D:6      | Found a stormy altar of Qazlal.
  4971 | D:6      | Found a shadowy altar of Dithmenos.
  5279 | D:6      | Gained mutation: You are resistant to hostile enchantments. (MR+) [potion of mutation]
  5279 | D:6      | Gained mutation: You are weak. (Str -2) [potion of mutation]
  5279 | D:6      | Gained mutation: You have sharp toenails. [potion of mutation]
  5279 | D:6      | HP: 3/78 [killer bee (1)]
  5819 | D:7      | Reached ** piety under Makhleb
  5819 | D:7      | Reached skill level 10 in Axes
  5987 | D:7      | Found a shattered altar of Ashenzari.
  6133 | D:7      | Found a white marble altar of Elyvilon.
  6465 | D:7      | Reached skill level 11 in Axes
  6631 | D:8      | Found a shimmering altar of Xom.
  6682 | D:8      | Reached XP level 10. HP: 84/88 MP: 9/9
  6784 | D:8      | You fall through a shaft!
  6784 | D:9      | Found a hide-covered altar of Uskayaw.
  6825 | D:9      | Noticed Joseph
  6837 | D:9      | Killed Joseph
  6881 | D:9      | Noticed Grum
  6899 | D:8      | Slain by an orc warrior

Skill      XL: |  1  2  3  4  5  6  7  8  9 10 |
---------------+-------------------------------+-----
Fighting       | 4 5 6 7 8 |  8.2
Armour         | 4 5 6 7 8 |  8.1
Axes           | 3 4 5 6 7 9 11 | 11.6
Shields        | 4 5 6 8 |  8.7
Dodging        | 1 2 4 |  4.1

Action                   |  1- 3 |  4- 6 |  7- 9 | 10-12 || total
-------------------------+-------+-------+-------+-------++-------
Melee: War axe           |    79 |   149 |   288 |    51 ||   567
       Headbutt          |     7 |    23 |    48 |     4 ||    82
Throw: Tomahawk          |       |     6 |       |       ||     6
 Abil: Evoke Blink       |       |       |     3 |     1 ||     4
  Use: Scroll            |       |     6 |     1 |       ||     7
       Potion            |       |       |     9 |     1 ||    10
  Eat: Chunk             |     1 |     7 |     8 |       ||    16
       Ration            |       |       |     1 |       ||     1
Armor: Scale mail        |    33 |    37 |   126 |    17 ||   213
Dodge: Dodged            |    34 |    34 |   107 |    21 ||   196
Block: Shield            |    50 |    70 |   173 |    44 ||   337
